 Dungeon Crawl Stone Soup version 0.32-a0-876-gcfddb08 (webtiles) character file.

Game seed: 599227535497449127

1692189 Draconius the Slayer (level 27, 192/192 HPs)
             Began as a Gargoyle Earth Elementalist on Mar 30, 2024.
             Was the Champion of Ashenzari.
             Escaped with the Orb
             ... and 3 runes on Mar 31, 2024!
             The game lasted 04:41:14 (71397 turns).

Draconius the Slayer (Gargoyle Earth Elementalist) Turns: 71397, Time: 04:41:15

Health: 192/192    AC: 35    Str: 15    XL:     27
Magic:  32/60      EV: 14    Int: 30    God:    Ashenzari [******]
Gold:   4506       SH: 14    Dex: 13    Spells: 9/74 levels left

rFire   + + +        F - +6 mace "Circumscribed With Me" {freeze, rElec rCorr Int+3 Stlth+, Fort, Elem} (curse)
rCold   + + +        T - +2 shield of Resistance {rF++ rC++ Will++, Sorc, Elem} (curse)
rNeg    + . .        G - +3 leather armour "Share My Suspicion" {rF+, Elem, Bglg} (curse)
rPois   ∞            D - +2 hat "I Foresaw This" {Fort, Range} (curse)
rElec   +            s - scarf of Ashenzari's Vision {rC+ rF+, Comp, Dev} (curse)
rCorr   +            p - +2 pair of gloves "Celestial Elitism" {infuse, Fort, Self} (curse)
SInv    +            L - +0 pair of boots "All-seeing Oracle" {Fly, Elem, Sorc} (curse)
Will    +++++        S - amulet "I Foresaw This" {Spirit ^Contam Will++ Regen+ rCorr, Bglg, Cun} (curse)
Stlth   +            a - ring "Shackled Repose" {Will+ MP+9 Dex+3, Comp, Sorc} (curse)
HPRegen 1.32/turn    r - ring of the Eye in the Sky {Wiz, Elem, Bglg} (curse)
MPRegen 0.37/turn

%: clarity, guardian spirit, wizardry (x1), infuse magic (1 MP)
@: flying, studying Throwing
A: sickness immunity, AC +20, big wings, negative energy resistance 1,
electricity resistance, torment resistance 1, petrification resistance
0: Orb of Zot
}: 3/15 runes: decaying, serpentine, silver
a: Renounce Religion, Shatter the Chains


You escaped.
You worshipped Ashenzari.
Ashenzari was exalted by your worship.
You visited 9 branches of the dungeon, and saw 45 of its levels.
You visited the Abyss 1 time.
You visited 1 ziggurat, and saw 16 of its levels.
You also visited: Bailey, Gauntlet, Ice Cave and Volcano.

You collected 6907 gold pieces.
You spent 2401 gold pieces at shops.

Inventory:

Hand Weapons
 q - a +2 long sword of distortion
 F - the cursed +6 mace "Circumscribed With Me" (weapon) {freeze, rElec rCorr Int+3 Stlth+, Fort, Elem}
   (You found it on level 5 of the Lair of Beasts)

   Int+3:     It affects your intelligence (+3).
   rElec:     It insulates you from electricity.
   rCorr:     It protects you from acid and corrosion.
   Stlth+:    It makes you more stealthy.
   It has a curse which improves the following skills: Fortitude: Armour and
   Shields.
   Elements:  Fire Magic, Ice Magic, Air Magic and Earth Magic.
Armour
 p - the cursed +2 pair of gloves "Celestial Elitism" (worn) {infuse, Fort, Self}
   (You found it on level 5 of the Lair of Beasts)

   It has a curse which improves the following skills: Fortitude: Armour and
   Shields.
   Introspection: Fighting and Spellcasting.
 s - the cursed scarf of Ashenzari's Vision (worn) {rC+ rF+, Comp, Dev}
   (You found it on level 1 of the Lair of Beasts)

   It has a curse which improves the following skills: Companions: Summonings
   and Necromancy.
   Devices:   Evocations and Shapeshifting.
 D - the cursed +2 hat "I Foresaw This" (worn) {Fort, Range}
   (You took it off Gastronok on level 8 of the Dungeon)

   It has a curse which improves the following skills: Fortitude: Armour and
   Shields.
   Ranged Combat: Ranged Weapons and Throwing.
 G - the cursed +3 leather armour "Share My Suspicion" (worn) {rF+, Elem, Bglg}
   (You found it in a volcano)

   It has a curse which improves the following skills: Elements: Fire Magic, Ice
   Magic, Air Magic and Earth Magic.
   Beguiling: Hexes and Translocations.
 K - the +1 faerie dragon scales {+Inv rCorr Int+7}
   (You took it off the Enchantress on level 3 of the Depths)

   Int+7:     It affects your intelligence (+7).
   +Inv:      It lets you turn invisible.
   rCorr:     It protects you from acid and corrosion.
 L - the cursed +0 pair of boots "All-seeing Oracle" (worn) {Fly, Elem, Sorc}
   (You found it in a Gauntlet)

   It has a curse which improves the following skills: Elements: Fire Magic, Ice
   Magic, Air Magic and Earth Magic.
   Sorcery:   Conjurations and Alchemy.
 T - the cursed +2 shield of Resistance (worn) {rF++ rC++ Will++, Sorc, Elem}
   (You found it on level 10 of a ziggurat)

   rF++:      It greatly protects you from fire.
   rC++:      It greatly protects you from cold.
   Will++:    It greatly increases your willpower.
   It has a curse which improves the following skills: Sorcery: Conjurations and
   Alchemy.
   Elements:  Fire Magic, Ice Magic, Air Magic and Earth Magic.
Jewellery
 a - the cursed ring "Shackled Repose" (left hand) {Will+ MP+9 Dex+3, Comp, Sorc}
   (You acquired it in a Gauntlet)

   [ring of magical power]

   Dex+3:     It affects your dexterity (+3).
   Will+:     It increases your willpower.
   MP+9:      It affects your magic capacity (+9).
   It has a curse which improves the following skills: Companions: Summonings
   and Necromancy.
   Sorcery:   Conjurations and Alchemy.
 e - an amulet of the acrobat
 r - the cursed ring of the Eye in the Sky (right hand) {Wiz, Elem, Bglg}
   (You bought it in a shop on level 4 of the Snake Pit)

   [ring of wizardry]

   Wiz:       It improves your spell success rate.
   It has a curse which improves the following skills: Elements: Fire Magic, Ice
   Magic, Air Magic and Earth Magic.
   Beguiling: Hexes and Translocations.
 S - the cursed amulet "I Foresaw This" (around neck) {Spirit ^Contam Will++ Regen+ rCorr, Bglg, Cun}
   (You bought it in a shop on level 2 of the Orcish Mines)

   [amulet of guardian spirit]

   Spirit:    It causes incoming damage to be divided between your reserves of
   health and magic.
   Will++:    It greatly increases your willpower.
   ^Contam:   It causes magical contamination when unequipped.
   Regen+:    It increases your rate of health regeneration.
   rCorr:     It protects you from acid and corrosion.
   It has a curse which improves the following skills: Beguiling: Hexes and
   Translocations.
   Cunning:   Dodging and Stealth.
Wands
 l - a wand of mindburst (43)
 H - a wand of flame (81)
 I - a wand of acid (26)
 W - a wand of roots (34)
 Y - a wand of digging (32)
Scrolls
 g - 2 scrolls of blinking
 h - 11 scrolls of enchant armour
 n - a scroll of revelation
 t - a scroll of vulnerability
 u - 16 scrolls of teleportation
 x - 2 scrolls of amnesia
 A - 5 scrolls of brand weapon
 B - 7 scrolls of silence
 C - 2 scrolls of torment
 J - 9 scrolls of fog
 M - 12 scrolls of enchant weapon
 P - 7 scrolls of fear
 R - 6 scrolls of butterflies
 Z - 8 scrolls of poison
Potions
 b - a potion of magic
 c - 2 potions of berserk rage
 f - 9 potions of lignification
 i - 10 potions of mutation
 j - 23 potions of curing
 k - 5 potions of enlightenment
 m - 5 potions of ambrosia
 o - 12 potions of heal wounds
 v - 3 potions of resistance
 w - a potion of brilliance
 z - 3 potions of invisibility
 N - 2 potions of haste
 O - 13 potions of might
 Q - 3 potions of cancellation
 V - a potion of attraction
Miscellaneous
 d - a phantom mirror
 y - a Gell's gravitambourine (2/2)
 E - a lightning rod (4/4)
 U - a sack of spiders
 X - a condenser vane


   Skills:
 + Level 22.7(24.8) Fighting
 - Level 5.4(10.0) Armour
 - Level 7.4(10.0) Dodging
 - Level 2.1(4.0) Stealth
 - Level 9.3(14.0) Shields
 * Level 22.2(24.3) Spellcasting
 - Level 19.6(24.0) Conjurations
 - Level 4.8(8.2) Summonings
 - Level 15.0(18.5) Necromancy
 - Level 17.5(24.0) Fire Magic
 - Level 21.7(27) Earth Magic
 - Level 3.0(6.8) Alchemy
 - Level 9.5(12.0) Evocations


You had 9 spell levels left.
You knew the following spells:

 Your Spells              Type           Power      Damage    Failure   Level
a - Haunt                 Necr/Summ      43%        N/A       2%          7
b - Stone Arrow           Conj/Erth      100%       3d13      0%          3
c - Fire Storm            Conj/Fire      55%        8d14      4%          9
d - Borgnjor's Vile Clut  Necr/Erth      53%        N/A       0%          5
e - Shatter               Erth           57%        3d43*     1%          9
f - Death Channel         Necr           49%        N/A       1%          6
g - Lehudib's Crystal Sp  Conj/Erth      56%        10d13     1%          8
i - Irradiate             Conj/Alch      46%        3d27      1%          5
j - Yara's Violent Unrav  Hex/Alch       28%        3d12      4%          5
k - Borgnjor's Revivific  Necr           49%        N/A       2%          8

Your spell library contained the following spells:

 Spells                   Type           Power      Damage    Failure   Level
 Foxfire                  Conj/Fire      100%       2x1d9     0%          1
 Kiss of Death            Conj/Necr      100%       2d13      0%          1
 Necrotise                Necr           100%       1d9       0%          1
 Sandblast                Erth           100%       2d20      0%          1
 Momentum Strike          Conj/Tloc      100%       3d10      0%          2
 Scorch                   Fire           100%       2d9       0%          2
 Static Discharge         Conj/Air       100%       3-8/arc   0%          2
 Passwall                 Erth           100%       N/A       0%          3
 Animate Armour           Summ/Erth      100%       N/A       0%          4
 Animate Dead             Necr           99%        N/A       0%          4
 Brom's Barrelling Bould  Conj/Erth      100%       2d11      0%          4
 Dispel Undead            Necr           99%        3d31      0%          4
 Flame Wave               Conj/Fire      100%       2d21      0%          4
 Leda's Liquefaction      Alch/Erth      47%        N/A       0%          4
 Petrify                  Alch/Erth      95%        N/A       0%          4
 Fireball                 Conj/Fire      55%        3d21      0%          5
 Iskenderun's Battlesphe  Conj           100%       2d15      0%          5
 Bombard                  Conj/Erth      56%        9d9       0%          6
 Starburst                Conj/Fire      55%        6d15      0%          6
 Apportation              Tloc           80%        N/A       1%          1
 Freeze                   Ice            100%       1d10      1%          1
 Ensorcelled Hibernation  Hex/Ice        82%        N/A       1%          2
 Jinxbite                 Hex            80%        N/A       1%          2
 Mercury Vapours          Alch/Air       100%       N/A       1%          2
 Call Canine Familiar     Summ           72%        N/A       1%          3
 Confusing Touch          Hex            40%        N/A       1%          3
 Dazzling Flash           Conj/Hex       100%       N/A       1%          3
 Frozen Ramparts          Ice            84%        1d13      1%          3
 Hailstorm                Conj/Ice       84%        3d14      1%          3
 Inner Flame              Hex/Fire       84%        N/A       1%          3
 Mephitic Cloud           Conj/Alch/Air  79%        N/A       1%          3
 Sigil of Binding         Hex            40%        N/A       1%          3
 Tukima's Dance           Hex            40%        N/A       1%          3
 Volatile Blastmotes      Fire/Tloc      100%       2d18      1%          3
 Anguish                  Hex/Necr       38%        N/A       1%          4
 Fulminant Prism          Conj/Alch      46%        3d20      1%          4
 Iskenderun's Mystic Bla  Conj/Tloc      84%        2d17      (+2d91%     4
 Martyr's Knell           Necr/Summ      86%        N/A       1%          4
 Sticky Flame             Fire/Alch      92%        2d14      1%          4
 Summon Lightning Spire   Summ/Air       59%        N/A       1%          4
 Alistair's Intoxication  Alch           44%        N/A       1%          5
 Curse of Agony           Necr           99%        N/A       1%          5
 Freezing Cloud           Conj/Ice/Air   36%        6-21      1%          5
 Conjure Ball Lightning   Conj/Air       42%        3x3d15    1%          6
 Plasma Beam              Fire/Air       42%        2x1d56    1%          6
 Orb of Destruction       Conj           55%        9d14      1%          7
 Ignition                 Fire           55%        3d15      1%          8
 Infestation              Necr           49%        N/A       2%          8
 Summon Forest            Summ/Tloc      29%        N/A       3%          5
 Summon Mana Viper        Hex/Summ       59%        N/A       3%          5
 Summon Cactus Giant      Summ           36%        N/A       3%          6
 Airstrike                Air            21%        2d(3-19)  4%          4
 Vhi's Electric Charge    Tloc/Air       82%        N/A       4%          4
 Cause Fear               Hex            20%        N/A       5%          4
 Dimensional Bullseye     Hex/Tloc       20%        N/A       5%          4
 Passage of Golubria      Tloc           40%        N/A       5%          4
 Eringya's Noxious Bog    Alch           33%        4d6       6%          6
 Metabolic Englaciation   Hex/Ice        20%        N/A       14%         5
 Silence                  Hex/Air        20%        N/A       14%         5
 Malign Gateway           Summ/Tloc      29%        N/A       65%         7
 Summon Horrible Things   Summ           36%        N/A       80%         8
 Enfeeble                 Hex            20%        N/A       98%         7
 Discord                  Hex            20%        N/A       100%        8
 Disjunction              Tloc           20%        N/A       100%        8
 Maxwell's Capacitive Co  Air            21%        ∞         100%        8
 Sublimation of Blood     Necr           Unusable   N/A       N/A         2
 Cigotuvi's Dreadful Rot  Necr/Alch/Air  Unusable   N/A       N/A         2

Dungeon Overview and Level Annotations

Branches:
Dungeon (15/15)            Temple (1/1) D:6            Lair (5/5) D:8
  Swamp (4/4) Lair:3        Snake (4/4) Lair:2        Slime (0/5) Lair:4
    Orc (2/2) D:11            Elf (0/3) Orc:2        Vaults (5/5) D:14
  Crypt (0/3) Vaults:3     Depths (4/4) D:15            Zot (5/5) Depths:4
 Bailey (visited)           IceCv (visited)         Volcano (visited)
Gauntlet (visited)

Altars:
Ashenzari
Cheibriados
Dithmenos
Elyvilon
Fedhas
Gozag
Hepliaklqana
Kikubaaqudgha
Makhleb
Nemelex Xobeh
Okawaru
Qazlal
Ru
Sif Muna
Trog
Uskayaw
Vehumet
Wu Jian
Xom
Yredelemnul
Zin
The Shining One

Shops:
D:7 (   D:10 *!   D:11 (   Orc:2 ((==   Snake:4 :=   Vaults:3 [   Vaults:5 [
Depths:2 [

Portals:
Hell: Depths:1 Depths:2 Depths:3 Depths:4
Abyss: Depths:3
Pandemonium: Depths:2 Depths:3 Depths:4
Trove: D:11 (give 6 potions of haste)

Annotations:
Lair:1 2 transporters, lykaon's ghost, journeyman DgIE
Lair:3 3 runed translucent doors, Wufeno's ghost, journeyman HOFi
Swamp:1 2 transporters, Ivebedul's ghost, adept MiFi
Swamp:2 2 transporters
Depths:4 3 runed translucent doors, Elubun's ghost, adept TrGl; Sazoocig's ghost, veteran SpHu; Vyimam's ghost, adept TrGl; Wab Jare's ghost, adept TrGl


Innate Abilities, Weirdness & Mutations

You are immune to sickness and miasma.
Your stone body is resilient. (AC +20)
You are immune to poison.
Your large and strong wings let you fly.
You resist negative energy. (rN+)
You are resistant to electric shocks. (rElec)
You are resistant to unholy torment.
You are immune to petrification.


Message History

You kill the seraph!
The angel dissolves into sparkling lights!
The cherub dissolves into sparkling lights!
The angel dissolves into sparkling lights!
The daeva dissolves into sparkling lights!
The cherub dissolves into sparkling lights!
The angel dissolves into sparkling lights!
An angel comes into view. It is wielding a +1 whip of holy wrath.
An angel comes into view.
It is wielding a +1 whip of holy wrath and wearing a +1 robe of willpower.
Unknown command.
Okay, then.
An angel comes into view. It is wielding a +3 whip of holy wrath.
Blink to where?
Press: ? - help, Dir - move target
As you read the scroll of blinking, it crumbles to dust.
You fly upwards.
There is a stone staircase leading down here.
You see here a bat skeleton.
There is a stone staircase leading up here.
You fly upwards.
There is a stone staircase leading down here.
There is a stone staircase leading up here.
You fly upwards.
There is a stone staircase leading down here.
Okay, then.
Aiming: Dig
Press: ? - help, Shift-Dir - straight line You can't see that place. [the floor.]
The rock shatters into small pieces.
There is a sacrificial altar of Ru here.
Aiming: Dig
Press: ? - help, Shift-Dir - straight line You can't see that place. [the floor.]
The rock shatters into small pieces.
Your extra speed is starting to run out.
You feel yourself slow down.
There is a staircase leading out of the dungeon here.
You have escaped!

...###########...# ########.#.
.#.# #..#####...# ####..##)##.#.
.#.# ##.....#######......#..#.##
.#.####...~.....≈≈.##..#.....#.#
....##..#....~≈~~~.≈~...####.#.##
....#..###...≈~~~.≈~......###....
......##..≈~≈≈≈~.~~~~≈~..#...####
.......#..~≈≈~~≈~.~≈≈≈≈...##.#
......###..≈≈≈..@.~≈≈≈≈.##.###
.#..###...~≈≈≈≈~..~~~≈~~.##.###
....##..~..~~≈≈~.~≈≈..~~..#...###
....#.~~~~~.~~≈.~~≈~~...~.##....#
..#.#..≈≈~~~.~.~~~~..##....#..#.#
..#.##....~...........#..###.##.#
..#.####..~~.###.###.#.#..####...
....# ####.##†..# ######....#.##
.#############################..#


There were no monsters in sight!

Vanquished Creatures
  A seraph (D:4)
  6 dread liches
  2 orbs of fire (Zot:5)
  5 ancient liches
  Sojobo (Depths:2)
  A royal mummy (Zig:4)
  the Lernaean hydra (Swamp:4)
  7 Killer Klowns
  Saint Roka (Vaults:4)
  2 bone dragons
  the Enchantress (Depths:3)
  A golden dragon (Zot:3)
  Jory (Vaults:5)
  2 doom hounds (Zot:2)
  3 hellephants
  4 electric golems
  5 tentacled monstrosities
  Rupert (Lair:5)
  15 Orb Guardians
  A Hell Sentinel (Depths:3)
  A titan (Vaults:5)
  Grunn (Zot:2)
  Asterion (Snake:1)
  3 death cobs
  A quicksilver dragon (Zot:2)
  An ancient champion (Zig:8)
  4 sphinxes
  An Executioner (Zot:5)
  3 tentacled starspawn (Zig:16)
  Gastronok (D:8)
  8 shadow dragons
  A revenant (Zig:8)
  Agnes (Snake:1)
  7 nagarajas
  6 tengu reavers
  3 storm dragons
  4 protean progenitors (Zot:2)
  3 narguns (Zig:9)
  5 fire giants
  5 draconian knights
  5 frost giants
  6 draconian shifters
  4 draconian monks
  2 ghouls (Zig:8)
  15 vault wardens
  A deep elf elementalist (Zig:14)
  2 angels (Depths:1)
  11 draconian scorchers
  A balrug (Zot:2)
  3 deep elf sorcerers (Vaults:5)
  4 draconian stormcallers
  A ghost moth (Zot:1)
  12 ironbound preservers
  5 very ugly things
  7 draconian annihilators
  5 orc warlords
  5 spriggan defenders
  A curse skull (Zig:8)
  6 caustic shrike skeletons (Depths:3)
  A reaper (IceCv)
  2 demonspawn corrupters
  7 ironbound thunderhulks
  12 stone giants
  A vampire knight (Vaults:3)
  6 formless jellyfish
  3 demonspawn blood saints
  5 eleionomae
  4 black draconians
  9 green draconians
  7 dire elephants
  A deep elf death mage (Zig:8)
  9 white draconians
  A deep elf demonologist (Vaults:5)
  3 bunyips
  11 yellow draconians
  2 lorocyprocas
  9 red draconians
  2 deep elf annihilators
  A spark wasp (Depths:2)
  6 war gargoyles
  A purple draconian (Zot:3)
  5 wendigos (Zig:9)
  A minotaur (Gauntlet)
  5 ettins
  A merfolk javelineer (Depths:1)
  An eidolon (Zig:8)
  A mummy priest (Zig:4)
  A blizzard demon (Zig:14)
  2 jiangshi
  2 deep elf high priests (Vaults:5)
  2 entropy weavers (Zig:3)
  2 shambling mangroves
  3 crystal guardians
  3 great orbs of eyes (Vaults:2)
  Josephine (D:11)
  5 fire dragons
  4 salamander tyrants
  14 yaktaur captains
  11 hydras
  33 vault guards
  6 peacekeepers
  4 ice dragons
  6 spriggan air magi
  5 rakshasas
  4 catoblepae
  12 centaur warriors
  3 ghost crabs
  12 anacondas
  5 ogre magi
  7 ironbound frosthearts
  A sphinx skeleton (Vaults:1)
  20 two-headed ogres
  7 alligators
  A merfolk aquamancer (Zig:5)
  2 boulder beetles
  3 deep troll shamans
  6 deep troll earth magi
  3 hell hogs (Depths:4)
  4 tengu warriors
  A death scarab (Zig:4)
  19 death yaks
  Urug (Lair:2)
  A vampire mage (Depths:1)
  6 thrashing horrors
  13 naga sharpshooters
  8 orc high priests
  7 spriggan berserkers
  4 naga warriors
  11 shock serpents
  A hell knight (Depths:4)
  3 occultists
  2 deep elf knights (Depths:3)
  2 skysharks (Lair:3)
  2 wretched stars
  A sea snake (Snake:4)
  5 salamander mystics
  2 spatial maelstroms
  2 sixfirhies
  3 skeletal warriors (D:15)
  26 deep trolls
  A storm dragon skeleton (D:15)
  A spark wasp zombie (D:15)
  3 iron trolls
  9 spriggan druids
  4 goliath frogs
  5 glowing orange brains
  A deep elf archer (Depths:3)
  10 arcanists
  13 mana vipers
  3 flayed ghosts
  8 naga ritualists
  A snapping turtle (shapeshifter) (Vaults:5)
  6 swamp dragons
  21 ironbound convokers
  5 obsidian bats
  A harpy (Vaults:3)
  10 starcursed masses
  2 phantasmal warriors (Vaults:4)
  8 lindwurms
  A steelbarb worm (shapeshifter) (Zig:2)
  13 orc knights
  3 deep elf pyromancers
  A wolf spider (Zig:3)
  5 manticores
  2 necromancers
  24 ugly things
  15 orc sorcerers
  20 salamanders
  A worldbinder (Zig:16)
  16 moths of wrath
  3 will-o-the-wisps (Swamp:1)
  5 cyclopes
  Maurice (D:8)
  3 meliai (D:14)
  A faun (shapeshifter) (Vaults:4)
  4 kobold blastminers
  2 molten gargoyles (Volcano)
  A meliai (shapeshifter) (Vaults:5)
  14 cane toads
  5 guardian serpents
  12 naga magi
  18 vault sentinels
  A smoke demon (Zig:16)
  34 black mambas
  6 apocalypse crabs
  2 gargoyles
  2 ice statues (IceCv)
  2 torpor snails
  2 hellions
  7 large abominations
  2 kobold demonologists
  3 freezing wraiths
  10 komodo dragons
  5 efreet
  Psyche (D:8)
  3 tengu conjurers
  4 ice devils (IceCv)
  23 yaktaurs
  5 anaconda simulacra (IceCv)
  3 tormentors
  3 ancient zymes (Zig:16)
  15 trolls
  A merfolk (shapeshifter) (Vaults:5)
  2 bloated husks
  A wolf spider simulacrum (Gauntlet)
  16 hornets
  7 tyrant leeches
  2 raiju (Zig:14)
  11 blink frogs
  A glass eye (shapeshifter) (Vaults:5)
  13 dream sheep
  2 dream sheep (shapeshifter)
  A culicivora (shapeshifter) (Vaults:5)
  44 slime creatures
  2 ynoxinuls
  A jumping spider (shapeshifter) (Vaults:5)
  2 ushabtiu (Zig:4)
  2 shadows (D:10)
  2 centaur simulacra (Gauntlet)
  4 wyverns
  37 spriggans
  2 dire elephant simulacra (IceCv)
  6 wraiths
  3 vampires (Vaults:3)
  5 basilisks
  56 yaks
  2 fire elementals (Volcano)
  A golden eye (Zig:16)
  8 wargs
  3 steam dragons
  2 neqoxecs
  6 vampire mosquitoes
  A human simulacrum (Vaults:1)
  A yaktaur simulacrum (Vaults:1)
  13 swamp worms
  A glowing shapeshifter zombie (Vaults:1)
  A harpy simulacrum (IceCv)
  39 nagas
  A human skeleton (Vaults:1)
  Duvessa (D:4)
  21 water moccasins
  5 hell hounds (Zot:5)
  2 hydra simulacra (IceCv)
  4 swamp drakes (Swamp:4)
  2 ice beasts
  2 sky beasts (D:7)
  69 orc warriors
  2 black bears
  3 laughing skulls
  An ice dragon simulacrum (Gauntlet)
  10 wolves (Lair:3)
  31 ogres
  6 centaurs
  2 kobold brigands
  2 phantoms
  15 bullfrogs
  4 gnoll sergeants
  4 earth elementals (Volcano)
  2 two-headed ogre simulacra (D:13)
  2 scorpions
  A glowing shapeshifter simulacrum (Zig:9)
  A cane toad simulacrum (D:13)
  4 wights (D:9)
  Dowan (D:4)
  An elephant simulacrum (D:13)
  2 electric eels
  3 howler monkeys
  4 jellies
  2 sleepcaps
  2 bombardier beetles (D:5)
  A hound (D:5)
  33 orc priests
  5 iguanas
  Jessica (D:3)
  35 orc wizards
  3 hell rats
  2 polar bear simulacra
  A troll simulacrum (D:13)
  A spriggan simulacrum (D:13)
  A wolf simulacrum (IceCv)
  3 mummies (Zig:4)
  3 adders
  30 gnolls
  2 naga simulacra
  10 river rats
  3 shadow imps
  6 ufetubi
  3 dart slugs
  A ribbon worm (D:5)
  94 orcs
  4 ball pythons
  7 endoplasms
  19 goblins
  7 hobgoblins
  7 jackals
  11 kobolds
  4 quokkas
  9 bats
  A frilled lizard (D:1)
  3 rats (D:1)
  10 aspiring fleshes (Zot:2)
  A butterfly (D:4)
1897 creatures vanquished.

Vanquished Creatures (collateral kills)
  A Killer Klown (Zot:5)
  A caustic shrike (Depths:2)
  A doom hound (Zot:2)
  A tentacled monstrosity (Depths:2)
  3 Orb Guardians (Zot:5)
  A titan (Depths:4)
  2 quicksilver dragons
  A death cob (Zot:4)
  A thorn hunter (Swamp:1)
  Frances (Swamp:2)
  4 shadow dragons
  2 tengu reavers
  A nagaraja (Zig:11)
  A draconian knight (Zig:13)
  A draconian monk (Depths:4)
  An emperor scorpion (Depths:3)
  A vault warden (Vaults:1)
  A draconian scorcher (Depths:4)
  3 orc warlords
  A spriggan defender (Depths:3)
  2 stone giants (Depths:2)
  3 ironbound preservers
  A very ugly thing (Depths:2)
  A formless jellyfish (Vaults:3)
  An ironbound thunderhulk (Vaults:2)
  A bunyip (Swamp:4)
  2 eleionomae (Swamp:1)
  3 black draconians
  A purple draconian (Zot:1)
  5 dire elephants
  A war gargoyle (Vaults:3)
  A spark wasp (Depths:2)
  2 white draconians
  A fire dragon (Depths:1)
  3 ettins
  A shambling mangrove (Swamp:4)
  A yaktaur captain (Vaults:2)
  A jiangshi (Depths:2)
  2 vault guards
  5 hydras
  An ironbound frostheart (Vaults:1)
  An ice dragon (Depths:4)
  2 salamander tyrants
  A spriggan air mage (Depths:3)
  An anaconda (Snake:2)
  An ogre mage (Orc:2)
  5 alligators
  5 two-headed ogres (Orc:2)
  2 death yaks (Depths:3)
  A tengu warrior (Depths:3)
  A shock serpent (Snake:3)
  6 hell hogs (Depths:4)
  A spriggan berserker (Depths:2)
  4 naga warriors
  4 deep troll earth magi (Depths:2)
  An orc high priest (Vaults:4)
  2 naga sharpshooters
  A vampire mage (Depths:2)
  A hell knight (Vaults:5)
  2 wretched stars (Zig:14)
  4 salamander mystics
  A shadow wraith (Zig:14)
  13 deep trolls
  A goliath frog (Swamp:1)
  A bog body (Swamp:2)
  2 spriggan druids
  6 iron trolls
  6 swamp dragons
  3 mana vipers
  A flayed ghost (Depths:4)
  4 orc knights
  3 obsidian bats
  2 ironbound convokers
  4 salamanders
  2 ugly things
  2 cyclopes (Orc:2)
  A will-o-the-wisp (Swamp:3)
  A guardian serpent (Snake:4)
  3 black mambas
  10 starcursed masses (Zig:14)
  A vault sentinel (Vaults:2)
  2 smoke demons
  2 yaktaurs
  A tengu conjurer (Depths:2)
  7 trolls
  An ancient zyme (Zig:14)
  2 tyrant leeches (Swamp:2)
  A hellwing (Zig:14)
  5 hornets
  6 slime creatures (Vaults:2)
  8 spriggans
  A warg (Orc:1)
  6 swamp worms
  5 nagas
  6 orc warriors
  4 swamp drakes (Swamp:4)
  12 ogres
  An orc priest (Orc:2)
  5 orc wizards
  16 orcs
272 creatures vanquished.

Vanquished Creatures (others)
  A storm dragon (Zot:1)
  A draconian knight (Zot:1)
  An alligator (Swamp:4)
  2 hydras (Swamp:4)
  An occultist (Depths:2)
  2 water elementals (Depths:1)
  A swamp drake (Swamp:4)
  An orc warrior (Orc:1)
  An orc (Orc:1)
  19 fire vortices
  27 foxfires
  2 starspawn tentacles (Zig:16)
59 creatures vanquished.

Grand Total: 2228 creatures vanquished

Notes
Turn   | Place    | Note
-------+----------+-------------------------------------------
     0 | D:1      | Draconius the Gargoyle Earth Elementalist began the quest
                  | for the Orb.
     0 | D:1      | Reached XP level 1. HP: 10/10 MP: 3/3
   160 | D:1      | Reached XP level 2. HP: 15/15 MP: 0/5
   702 | D:1      | Found a faded altar of an unknown god.
   709 | D:1      | Prayed at the altar of an unknown god.
   709 | D:1      | Became a worshipper of Ru the Awakened
  1067 | D:1      | Reached XP level 3. HP: 19/19 MP: 4/6
  1166 | D:1      | Learned a level 3 spell: Stone Arrow
  1399 | D:2      | Identified the +1 hand axe "Kashrym" {antimagic, Int+3}
  1406 | D:2      | Found a broken altar of Ashenzari.
  1788 | D:2      | Reached skill level 5 in Earth Magic
  1849 | D:3      | Reached XP level 4. HP: 24/24 MP: 2/7
  2026 | D:3      | Noticed Jessica
  2033 | D:3      | Killed Jessica
  2114 | D:3      | Reached XP level 5. HP: 28/28 MP: 2/8
  2274 | D:3      | Noticed an ogre
  2280 | D:3      | Killed an ogre
  2447 | D:3      | Found an opulent altar of Gozag.
  2448 | D:3      | Found a shadowy altar of Dithmenos.
  2449 | D:3      | Found an iron altar of Okawaru.
  2450 | D:3      | Found a blossoming altar of Fedhas.
  2763 | D:2      | Fell from the grace of Ru
  2763 | D:2      | Became a worshipper of Ashenzari the Shackled
  2844 | D:4      | Noticed a phantom
  2854 | D:4      | Killed a phantom
  2855 | D:4      | Reached XP level 6. HP: 33/33 MP: 3/9
  2936 | D:4      | Reached skill level 1 in Fighting
  3024 | D:4      | Reached XP level 7. HP: 33/38 MP: 7/10
  3301 | D:4      | Noticed Dowan
  3305 | D:4      | Killed Dowan
  3331 | D:4      | Noticed Duvessa
  3345 | D:4      | Killed Duvessa
  3457 | D:4      | Found a shimmering altar of Xom.
  3620 | D:5      | Entered Level 5 of the Dungeon
  3717 | D:5      | Reached XP level 8. HP: 33/45 MP: 0/12
  3856 | D:5      | Reached skill level 1 in Alchemy
  3979 | D:5      | Reached skill level 5 in Conjurations
  4139 | D:5      | Identified the +6 dagger of Dawn {pain, rElec Str-3 Int+3
                  | Stlth+}
  4147 | D:5      | Learned a level 4 spell: Petrify
  4679 | D:6      | Found a staircase to the Ecumenical Temple.
  4686 | Temple   | Entered the Ecumenical Temple
  4751 | D:6      | Reached * piety under Ashenzari
  4942 | D:6      | Found a glowing golden altar of the Shining One.
  5109 | D:6      | Reached skill level 1 in Armour
  5139 | D:6      | Reached skill level 1 in Shields
  5661 | D:7      | Identified the +6 mace "Kexat" {flame, MP+9}
  5663 | D:7      | Found Soelam's Antique Weapon Boutique.
  5852 | D:7      | Reached XP level 9. HP: 43/53 MP: 12/16
  6304 | D:7      | Reached ** piety under Ashenzari
  6318 | D:7      | Reached skill level 10 in Earth Magic
  6646 | D:8      | Noticed Gastronok
  6901 | D:8      | Identified the +0 robe "Kuweami" {Will++ Regen+ Str-3
                  | Int-5}
  6911 | D:7      | Reached skill level 5 in Fighting
  7064 | D:8      | Noticed Psyche
  7066 | D:8      | Noticed Maurice
  7083 | D:8      | Killed Psyche
  7084 | D:8      | Reached skill level 5 in Spellcasting
  7084 | D:8      | Something stole the +1 hand axe "Kashrym" {antimagic,
                  | Int+3}
  7089 | D:8      | Killed Maurice
  7090 | D:8      | Reached XP level 10. HP: 63/63 MP: 12/19
  7802 | D:8      | Killed Gastronok
  8080 | D:8      | Reached XP level 11. HP: 72/72 MP: 9/23
  8211 | D:8      | Found a staircase to the Lair.
  8513 | D:9      | Found a flagged portal.
  8531 | Bailey   | Entered a bailey
  8647 | Bailey   | Reached skill level 1 in Necromancy
  8991 | Bailey   | Noticed an orc warlord
  9034 | Bailey   | Killed an orc warlord
  9035 | Bailey   | Reached skill level 10 in Fighting
  9188 | Bailey   | Reached XP level 12. HP: 81/81 MP: 26/26
  9225 | D:9      | Noticed a two-headed ogre
  9322 | D:9      | Killed a two-headed ogre
  9610 | D:9      | Found a hide-covered altar of Uskayaw.
 10279 | D:9      | Reached skill level 1 in Summonings
 10279 | D:9      | Reached skill level 1 in Evocations
 10597 | D:9      | Found a bloodstained altar of Trog.
 10675 | D:10     | Entered Level 10 of the Dungeon
 10675 | D:10     | Identified the +3 trident of the Grinning Traitor {flame,
                  | Will+ rCorr Str+2 Stlth-}
 10777 | D:10     | Reached *** piety under Ashenzari
 10789 | D:10     | Found Veintuv's Elemental Accessories.
 11409 | D:10     | Found Luok's Distillery.
 11761 | Lair:1   | Entered Level 1 of the Lair of Beasts
 11849 | Lair:1   | Reached skill level 10 in Spellcasting
 11856 | Lair:1   | Reached XP level 13. HP: 36/88 MP: 24/28
 12155 | Lair:1   | Found a transporter.
 12157 | Lair:1   | Noticed lykaon's ghost (journeyman DgIE)
 12159 | Lair:1   | Found a transporter.
 12228 | Lair:1   | Reached **** piety under Ashenzari
 12283 | Lair:1   | Reached skill level 5 in Shields
 12535 | Lair:1   | Identified the Incunable of the Unlucky Boulder
 13357 | Lair:2   | Reached ***** piety under Ashenzari
 13562 | Lair:2   | Noticed Urug
 13571 | Lair:2   | Killed Urug
 14114 | Lair:2   | Found a staircase to the Snake Pit.
 15212 | Lair:3   | Found a staircase to the Swamp.
 15214 | Lair:3   | Noticed an eleionoma
 15219 | Lair:3   | Killed an eleionoma
 15339 | Lair:3   | Found a runed translucent gate.
 15339 | Lair:3   | Found a runed translucent gate.
 15339 | Lair:3   | Found a runed translucent gate.
 15340 | Lair:3   | Noticed Wufeno's ghost (journeyman HOFi)
 15925 | Lair:4   | Gained mutation: Your large and strong wings let you fly.
                  | [Gargoyle growth]
 15925 | Lair:4   | Reached XP level 14. HP: 95/96 MP: 30/30
 15977 | Lair:4   | Reached skill level 15 in Earth Magic
 16443 | Lair:4   | Found a staircase to the Slime Pits.
 16668 | Lair:4   | Learned a level 5 spell: Borgnjor's Vile Clutch
 17122 | Lair:4   | Identified the Information on Arson and Unspeakable Magic
 17548 | Lair:5   | Entered Level 5 of the Lair of Beasts
 17766 | Lair:5   | Identified the +6 mace "Jurih" {freeze, rElec rCorr Int+3
                  | Stlth+}
 18434 | Lair:5   | Reached skill level 5 in Necromancy
 18847 | Lair:5   | Noticed Rupert
 18862 | Lair:5   | Killed Rupert
 19853 | Lair:5   | Learned a level 9 spell: Shatter
 19860 | Lair:5   | Learned a level 6 spell: Death Channel
 20025 | D:11     | Found Vefef's Weapon Shop.
 20028 | D:11     | Noticed Josephine
 20408 | D:11     | Killed Josephine
 20409 | D:11     | Reached XP level 15. HP: 82/101 MP: 25/33
 20592 | D:11     | Found a staircase to the Orcish Mines.
 20747 | D:11     | Found a portal to a secret trove of treasure.
 20929 | D:11     | Found a hide-covered altar of Uskayaw.
 21048 | D:12     | Found a gate leading to a gauntlet.
 21055 | Gauntlet | Entered a Gauntlet
 21055 | Gauntlet | Identified a scroll of acquirement
 21055 | Gauntlet | Found a transporter.
 21055 | Gauntlet | Found a transporter.
 21055 | Gauntlet | Found a transporter.
 21056 | Gauntlet | Found a transporter.
 21059 | Gauntlet | Found a transporter.
 21069 | Gauntlet | Found a transporter.
 21083 | Gauntlet | Found a transporter.
 21091 | Gauntlet | Found a transporter.
 21121 | Gauntlet | Found a transporter.
 21129 | Gauntlet | Found a transporter.
 21130 | Gauntlet | Identified the ring of Sedukeon {rPois rC+ MP+9 Str+3}
 21147 | Gauntlet | Found a transporter.
 21299 | Gauntlet | Acquired the ring of Finality {Will+ MP+9 Dex+3}
 21474 | Gauntlet | Found a transporter.
 21474 | Gauntlet | Identified the amulet "Xizeirysm" {Spirit Will+ Slay-2
                  | Stlth+}
 22524 | D:13     | Found a frozen archway.
 22574 | IceCv    | Entered an ice cave
 23469 | IceCv    | Identified the Disquisition on Freezing
 26410 | D:14     | Found a gate to the Vaults.
 26698 | D:15     | Entered Level 15 of the Dungeon
 26918 | D:15     | Reached XP level 16. HP: 91/114 MP: 10/36
 27120 | D:15     | Found a broken altar of Ashenzari.
 27430 | D:15     | Found a staircase to the Depths.
 27900 | D:15     | Reached skill level 15 in Fighting
 28825 | D:10     | Bought a lightning rod (4/4) for 480 gold pieces
 28869 | Orc:1    | Entered Level 1 of the Orcish Mines
 28884 | Orc:1    | Reached ****** piety under Ashenzari
 29666 | Orc:2    | Entered Level 2 of the Orcish Mines
 29689 | Orc:2    | Found a dark tunnel.
 29692 | Volcano  | Entered a volcano
 29692 | Volcano  | Found a shadowy altar of Dithmenos.
 30598 | Orc:2    | Found Cemowk's Jewellery Emporium.
 30599 | Orc:2    | Found a staircase to the Elven Halls.
 30619 | Orc:2    | Found Irureoj's Weapon Emporium.
 30853 | Orc:2    | Found Hyfen's Weapon Shop.
 30863 | Orc:2    | Found Feipa's Jewellery Shoppe.
 30947 | Orc:2    | Bought the amulet of Kyloceh {Spirit ^Contam Will++ Regen+
                  | rCorr} for 561 gold pieces
 31779 | Swamp:1  | Entered Level 1 of the Swamp
 31788 | Swamp:1  | Noticed Ivebedul's ghost (adept MiFi)
 31860 | Swamp:1  | Found a bloodstained altar of Trog.
 31865 | Swamp:1  | Found a transporter.
 31871 | Swamp:1  | Found a transporter.
 32049 | Swamp:1  | Noticed a tentacled monstrosity
 32071 | Swamp:1  | Killed a tentacled monstrosity
 32442 | Swamp:1  | Reached XP level 17. HP: 123/123 MP: 8/39
 33712 | Swamp:2  | Found a transporter.
 33727 | Swamp:2  | Identified the +2 helmet "Amny" {Rampage ^Drain rPois
                  | Dex+3}
 33728 | Swamp:2  | Found a transporter.
 33729 | Swamp:2  | Identified the amulet "Sinamm" {Will++ Regen+}
 34059 | Swamp:2  | Noticed Frances
 34072 | Swamp:2  | Killed Frances
 35523 | Swamp:4  | Entered Level 4 of the Swamp
 36390 | Swamp:4  | Learned a level 8 spell: Lehudib's Crystal Spear
 36451 | Swamp:4  | Reached skill level 15 in Spellcasting
 36473 | Swamp:4  | Noticed the 27-headed Lernaean hydra
 36491 | Swamp:4  | Killed the 27-headed Lernaean hydra
 36700 | Swamp:4  | Reached XP level 18. HP: 129/129 MP: 9/40
 36851 | Swamp:4  | Got a decaying rune of Zot
 37413 | Vaults:1 | Entered Level 1 of the Vaults
 37482 | Vaults:1 | Reached skill level 5 in Evocations
 37636 | Vaults:1 | Reached skill level 1 in Fire Magic
 40082 | Vaults:2 | Identified the +0 robe of Tomorrow {Will+}
 40786 | Vaults:2 | Reached XP level 19. HP: 121/135 MP: 18/42
 41479 | Vaults:3 | Reached skill level 5 in Dodging
 41920 | Vaults:3 | Found Dofexeul's Armour Shoppe.
 42915 | Vaults:3 | Reached skill level 5 in Fire Magic
 43917 | Vaults:3 | Found a staircase to the Crypt.
 44366 | Vaults:3 | Identified the Grimoire of Doomed Lava
 44382 | Vaults:3 | Learned a level 5 spell: Fireball
 45156 | Vaults:4 | Noticed Saint Roka
 45160 | Vaults:4 | Reached XP level 20. HP: 142/142 MP: 38/44
 45163 | Vaults:4 | Killed Saint Roka
 47091 | Snake:1  | Entered Level 1 of the Snake Pit
 47094 | Snake:1  | Noticed Agnes
 47098 | Snake:1  | Killed Agnes
 47402 | Snake:1  | Noticed Asterion
 47403 | Snake:1  | Killed Asterion
 50996 | Snake:4  | Entered Level 4 of the Snake Pit
 51003 | Snake:4  | Reached XP level 21. HP: 149/149 MP: 38/46
 51349 | Snake:4  | Found Fetulets's Book Emporium.
 51357 | Snake:4  | Bought a book of Transmutation for 532 gold pieces
 51363 | Snake:4  | Learned a level 5 spell: Irradiate
 51370 | Snake:4  | Reached skill level 10 in Conjurations
 51446 | Snake:4  | Found Midot's Jewellery Boutique.
 51454 | Snake:4  | Bought a ring of wizardry for 450 gold pieces
 52624 | Snake:4  | Got a serpentine rune of Zot
 53451 | Vaults:5 | Entered Level 5 of the Vaults
 53454 | Vaults:5 | Noticed a dread lich
 53459 | Vaults:5 | Noticed Jory
 53460 | Vaults:5 | Killed a dread lich
 53462 | Vaults:5 | Killed Jory
 53473 | Vaults:5 | Noticed a dread lich
 53473 | Vaults:5 | Noticed an ancient lich
 53477 | Vaults:5 | Killed a dread lich
 53478 | Vaults:5 | Reached XP level 22. HP: 104/156 MP: 25/48
 53478 | Vaults:5 | Killed an ancient lich
 54672 | Vaults:5 | Acquired 862 gold pieces
 54767 | Vaults:5 | Identified the ring of Doors {rPois rCorr Int-2 Slay+3}
 54866 | Vaults:5 | Got a silver rune of Zot
 54970 | Vaults:5 | Identified the +6 dagger of Moalez {flame, rF+}
 54971 | Vaults:5 | Identified the +0 hand axe "Wuedon" {venom, rC++}
 55116 | Vaults:5 | Found Unesaj's Armour Shop.
 55122 | Vaults:5 | Bought the +1 tower shield of Insecurity {Int+4 SInv} for
                  | 378 gold pieces
 55150 | Vaults:5 | Learned a level 5 spell: Yara's Violent Unravelling
 55650 | Depths:1 | Entered Level 1 of the Depths
 55660 | Depths:1 | Learned a level 8 spell: Borgnjor's Revivification
 55727 | Depths:1 | Upgraded the game from 0.32-a0-872-g59262bd to
                  | 0.32-a0-875-g23b751d
 55930 | Depths:1 | Found a one-way gateway to a ziggurat.
 56256 | Depths:1 | Identified the +4 hat of Fortification {Will+ Regen+ Int-4
                  | Dex+5}
 56333 | Depths:1 | Found a gateway to Hell.
 56829 | Depths:2 | Reached skill level 10 in Fire Magic
 56838 | Depths:2 | Noticed a caustic shrike
 56844 | Depths:2 | Killed a caustic shrike
 57303 | Depths:2 | Acquired a manual of Necromancy
 57307 | Depths:2 | Acquired a book of Movement
 57308 | Depths:2 | Acquired a book of Death
 57371 | Depths:1 | Learned a level 7 spell: Haunt
 57382 | Depths:1 | Learned a level 9 spell: Fire Storm
 57458 | Depths:2 | Identified the +0 leather armour of Absence {Str+3}
 57462 | Depths:2 | Identified the +12 short sword of Ceno {flame, rPois rF+}
 57463 | Depths:2 | Identified the ring "Nofetato" {rF+ rCorr Dex-4 SInv}
 57464 | Depths:2 | Identified the +5 hand axe "Obisedae" {drain, Str+3}
 57465 | Depths:2 | Identified Bued's Tractate on the Salamander
 57697 | Depths:2 | Found a hazy altar of Hepliaklqana.
 57702 | Depths:2 | Noticed Sojobo
 57715 | Depths:2 | Killed Sojobo
 57719 | Depths:2 | Reached XP level 23. HP: 111/164 MP: 2/49
 58383 | Depths:2 | Found a one-way gate leading to the halls of Pandemonium.
 58618 | Depths:2 | Found Qium's Armour Emporium.
 59497 | Depths:3 | Found a bloodstained altar of Trog.
 59539 | Depths:3 | Reached skill level 10 in Necromancy
 60549 | Depths:3 | Identified the +1 giant club of Iriqyeg {elec, rC+ Will+
                  | Int+2}
 60549 | Depths:3 | Identified the +1 giant club of Generosity {vamp, rPois
                  | Str+4 Dex-3}
 60592 | Depths:3 | Noticed the Enchantress
 60599 | Depths:3 | Identified the ring "Zoemojod" {Ice ^Drain rPois Str+4}
 60603 | Depths:3 | Killed the Enchantress
 61023 | Depths:3 | Found a one-way gate to the infinite horrors of the Abyss.
 61646 | Depths:4 | Entered Level 4 of the Depths
 61885 | Depths:4 | Found an ornate altar of the Wu Jian Council.
 62667 | Depths:4 | Found a gate to the Realm of Zot.
 62895 | Depths:4 | Found a runed translucent gate.
 62896 | Depths:4 | Found a runed translucent gate.
 62897 | Depths:4 | Found a runed translucent gate.
 62897 | Depths:4 | Noticed Sazoocig's ghost (veteran SpHu)
 62898 | Depths:4 | Noticed Wab Jare's ghost (adept TrGl)
 62898 | Depths:4 | Noticed Vyimam's ghost (adept TrGl)
 62899 | Depths:4 | Noticed Elubun's ghost (adept TrGl)
 62900 | Depths:4 | Identified the +1 dagger "Juwet" {holy, rPois MP-9 Int+5}
 63391 | Zig:1    | Entered Level 1 of a ziggurat
 63456 | Zig:2    | Entered Level 2 of a ziggurat
 63459 | Zig:2    | Noticed a Killer Klown
 63462 | Zig:2    | Killed a Killer Klown
 63463 | Zig:2    | Reached XP level 24. HP: 171/171 MP: 33/50
 63555 | Zig:3    | Entered Level 3 of a ziggurat
 63632 | Zig:4    | Entered Level 4 of a ziggurat
 63635 | Zig:4    | Noticed a royal mummy
 63635 | Zig:4    | Identified the +3 short sword of Demonkind {vamp, Fly rN+
                  | Str+3}
 63639 | Zig:4    | Killed a royal mummy
 63778 | Zig:5    | Entered Level 5 of a ziggurat
 63781 | Zig:5    | Identified the Spellbook of the Volcanic Maleficium
 63900 | Zig:6    | Entered Level 6 of a ziggurat
 63906 | Zig:6    | Identified the ring "Uragyon" {rC++ EV+5 Str+2 Int-2
                  | Stlth+}
 63908 | Zig:6    | Noticed an ancient lich
 63911 | Zig:6    | Killed an ancient lich
 64030 | Zig:7    | Entered Level 7 of a ziggurat
 64036 | Zig:7    | Identified the +3 orcbow of Juunabas {freeze, rPois rC+}
 64041 | Zig:7    | Reached skill level 15 in Conjurations
 64130 | Zig:7    | Reached XP level 25. HP: 176/176 MP: 50/50
 64166 | Zig:8    | Entered Level 8 of a ziggurat
 64173 | Zig:8    | Noticed a dread lich
 64173 | Zig:8    | Identified Vagumamu's Anthology of Anemomancy
 64173 | Zig:8    | Identified the +6 war axe of Dullness {drain, rElec rC-
                  | Int+3 SInv}
 64177 | Zig:8    | Killed a dread lich
 64186 | Zig:8    | Reached XP level 26. HP: 183/183 MP: 25/50
 64302 | Zig:9    | Entered Level 9 of a ziggurat
 64312 | Zig:9    | Found the +7 captain's cutlass {speed, disarm}
 64313 | Zig:9    | Paralysed by a wendigo for 1 turns
 64427 | Zig:9    | Reached XP level 27. HP: 188/188 MP: 50/50
 64439 | Zig:10   | Entered Level 10 of a ziggurat
 64448 | Zig:10   | Found the +2 shield of Resistance {rF++ rC++ Will++}
 64449 | Zig:10   | Identified The Lost Vellum of the Warlock
 64546 | Zig:10   | Reached skill level 15 in Fire Magic
 64549 | Zig:11   | Entered Level 11 of a ziggurat
 64557 | Zig:11   | Identified the +10 halberd of Ephy {venom, rN+ Will+ Dex+5}
 64557 | Zig:11   | Identified the +6 great sword of Deker {protect, *Rage rF+
                  | SInv}
 64562 | Zig:11   | Identified the Information on the Underground Cumulonimbus
 64712 | Zig:12   | Entered Level 12 of a ziggurat
 64724 | Zig:12   | Found the +8 trishula "Condemnation" {holy, anguish, *Noise
                  | Fly rN+}
 64724 | Zig:12   | Identified the +0 chain mail "Zumopatei" {*Corrode rN+++
                  | Int+3 SInv}
 64855 | Zig:13   | Entered Level 13 of a ziggurat
 64865 | Zig:13   | Identified the +3 short sword of Mayhem {heavy, rC+ Int+2}
 65086 | Zig:14   | Entered Level 14 of a ziggurat
 65101 | Zig:14   | Identified the +7 mace of the Battered Servitors {pain,
                  | rElec rF- rN+ Int+4}
 65113 | Zig:14   | Paralysed by accursed screaming for 2 turns
 65118 | Zig:14   | Identified the +4 dagger of Watchfulness {freeze, rC-
                  | Str+3}
 65297 | Zig:15   | Entered Level 15 of a ziggurat
 65318 | Zig:15   | Identified the +1 short sword of Pub Kap {drain, rElec rN+}
 65318 | Zig:15   | Identified the orb of the Shore {*channel, +Blink Dex+2}
 65318 | Zig:15   | Identified the +1 leather armour of the Ladybird {Rampage
                  | rC+ Regen+ MP+9}
 65452 | Zig:15   | Found the sphere of Battle
 65452 | Zig:15   | Identified the Secrets of the Butcher
 65452 | Zig:15   | Identified the Almanac of the Ossuary and Superposition
 65513 | Zig:16   | Entered Level 16 of a ziggurat
 65524 | Zig:16   | Identified Sif Muna's Encyclopedia of the Welkin
 65527 | Zig:16   | Identified the +1 sling of Ragnarok {heavy, rPois rC- rCorr
                  | Int+3}
 65530 | Abyss:3  | Cast into level 3 of the Abyss (spatial maelstrom)
 65565 | Zig:16   | Escaped the Abyss
 65719 | Zig:16   | Identified the amulet of the Salamander {Reflect Rampage
                  | SH+5}
 65719 | Zig:16   | Identified the ring "Rann" {Str+3 Int+6 SInv}
 65838 | Zot:1    | Entered Level 1 of the Realm of Zot
 67656 | Zot:3    | Reached skill level 5 in Armour
 67834 | Zot:2    | Noticed Grunn
 67842 | Zot:2    | Killed Grunn
 68238 | Zot:2    | Upgraded the game from 0.32-a0-875-g23b751d to
                  | 0.32-a0-876-gcfddb08
 68953 | Zot:5    | Entered Level 5 of the Realm of Zot
 69182 | Zot:5    | Noticed an ancient lich
 69191 | Zot:5    | Killed an ancient lich
 69568 | Zot:5    | Noticed a dread lich
 69572 | Zot:5    | Killed a dread lich
 69810 | Zot:5    | Noticed an orb of fire
 69816 | Zot:5    | Noticed a dread lich
 69822 | Zot:5    | Killed an orb of fire
 69827 | Zot:5    | Killed a dread lich
 70032 | Zot:5    | Noticed an ancient lich
 70035 | Zot:5    | Killed an ancient lich
 70141 | Zot:5    | Noticed a dread lich
 70143 | Zot:5    | Killed a dread lich
 70154 | Zot:5    | Noticed an ancient lich
 70173 | Zot:5    | Killed an ancient lich
 70348 | Zot:5    | Noticed an orb of fire
 70354 | Zot:5    | Killed an orb of fire
 70371 | Zot:5    | Reached skill level 15 in Necromancy
 70577 | Zot:5    | Got the Orb of Zot
 70580 | Zot:5    | Noticed Biazacah the pandemonium lord
 71087 | D:12     | Noticed Soelliejei the pandemonium lord
 71333 | D:4      | Noticed a seraph
 71339 | D:4      | Killed a seraph
 71397 | D:$      | Escaped with the Orb!

Illustrated notes

Levels and vault maps discovered:
D:1:      dpeg_arrival_subterranean_lakeside_camping, layout_basic,
          ebering_ecumenical_altar_ruins
D:2:      layout_rooms, basic_altar
D:3:      layout_rooms, mainiacjoe_overflow_alcove_3, minivault_4,
          kennysheep_generic_room_2, uniq_jessica
D:4:      layout_rooms, xom_butterflies, uniq_duvessa
D:5:      layout_cave_pools, grunt_decor_resistance, st_stairs_11
D:6:      layout_loops_corners, kennysheep_mini,
          minmay_temple_entry_sparse_star, minivault_5, nicolae_eternal_life
D:7:      layout_loops_ring, serial_shops, shop_fountains
D:8:      layout_basic, dpeg_lair_monsters, kennysheep_generic_room_7,
          uniq_psyche, uniq_gastronok, uniq_maurice
D:9:      layout_loops_corners, lemuel_coloured_pillars_altar,
          mainiacjoe_overflow_chevrons, enter_bailey_3, grunt_ministairs_15
D:10:     layout_irregular_city, serial_shops, nicolae_shop_statue_plus,
          nicolae_elemental_shop
D:11:     layout_rooms, david_orc_3, enter_trove_2, serial_shops, shop,
          nicolae_uskayaw_dance_hall, uniq_josephine
D:12:     layout_cave_pools, gauntlet_entry_generic
D:13:     layout_long_grid, portal_ice_cave_entry_ice_simulacra, serial_library,
          serial_library_hellmonk_hallway_b,
          serial_library_hellmonk_secret_room,
          serial_library_regret_index_branch_corner,
          serial_library_hellmonk_room_a, serial_library_hellmonk_small_corner,
          serial_library_regret_index_small_wings,
          serial_library_hellmonk_angled_corner,
          serial_library_regret_index_multi,
          serial_library_hellmonk_layered_room
D:14:     layout_irregular_city, hellmonk_vaults_keyhole,
          infiniplex_staircase_spiral_double, minivault_24
D:15:     gammafunk_depths_entry_grave, layout_loops_corners,
          nicolae_ashenzari_skybound
Temple:   eino_temple_lava
Lair:1:   layout_roguey, gammafunk_ghost_arena, serial_bayou_shore_b,
          grunt_megastairs_3
Lair:2:   layout_hall_layers, alex1729_snake_entry_snake, nicolae_lair_lil_pond,
          st_stairs_6, minivault_11, pdpol_lair_neglected_garden, uniq_urug
Lair:3:   layout_hall_layers, alex1729_swamp_entry_worm_eleionoma,
          gammafunk_ghost_necromancy, kennysheep_rathole
Lair:4:   layout_gridlike, dpeg_slime_entry_enclosed
Lair:5:   evilmike_catoblepas_cave, layout_loops_ring, serial_bayou_shore_a,
          grunt_megastairs_5, infiniplex_staircase_pool, uniq_rupert
Swamp:1:  cheibrodos_swamp_monstrosity, layout_basic_swamp,
          gammafunk_ghost_wrathful_warriors, evilmike_swamp_ruin_wall,
          swamp_pool_1_2, nicolae_swamp_no_escape
Swamp:2:  gammafunk_worm_tunnel, layout_basic_swamp, nicolae_swamp_little_swirl,
          infiniplex_staircase_pool_2, uniq_frances
Swamp:3:  layout_falls_marsh, serial_swamp_ruin, evilmike_swamp_ruin_house_2,
          evilmike_swamp_ruin_house_6, swamp_pool_4
Swamp:4:  swamp_old_school, layout_basic_swamp, swamp_pool_4
Snake:1:  layout_basic, uniq_asterion, uniq_agnes
Snake:2:  layout_misc_corridors, nicolae_twisty_statue_hallways
Snake:3:  layout_layer_cave, nicolae_fountain_basement
Snake:4:  johnstein_snake_rune_scales, layout_cave_town, serial_shops, shop,
          nicolae_wooded_promenade
Orc:1:    layout_caves
Orc:2:    st_orc_open, layout_diamond_mine, nicolae_volcano_entry_s_turn
Vaults:1: nicolae_vaults_turnstiles, nicolae_vaults_prndl,
          nicolae_vaults_trapezoid_1, nicolae_vaults_hexular_roomagon,
          nicolae_vaults_wine_cellar, grunt_vaults_funnel,
          nicolae_vaults_border_crossing, nicolae_vaults_closet_pinwheel_2,
          nicolae_vaults_trapezoid_layered, nicolae_vaults_surprise_closet,
          ontoclasm_vaults_fault, nicolae_vaults_tetromino_L_1,
          nicolae_vaults_little_squares_3, ontoclasm_vaults_gateway,
          layout_vaults_omnicross
Vaults:2: ontoclasm_vaults_idyll, v_misc_25, hangedman_vaults_nails,
          vaults_room_door_hall, vaults_room_corners,
          nicolae_vaults_hallways_thing, hangedman_vaults_river_flow,
          hangedman_vaults_slice, layout_vaults_big_room
Vaults:3: nicolae_vaults_house_1, nicolae_vaults_network_quincunx
          [nicolae_vaults_network_quincunx_subvault,
          nicolae_vaults_network_quincunx_subvault,
          nicolae_vaults_network_quincunx_subvault,
          nicolae_vaults_network_quincunx_subvault,
          nicolae_vaults_network_quincunx_subvault],
          vaults_standard_mumra_lines, nicolae_vaults_diffraction_hallways,
          nicolae_vaults_house_2, nicolae_vaults_closet_pinwheel_3,
          minmay_crypt_entry_vampire_xt, nicolae_vaults_heart-shaped_vault,
          v_alt_pattern_6, vaults_room_ringed_pool, hangedman_vaults_hat,
          grunt_vaults_focal, layout_vaults_maze_snakey, serial_shops, shop
Vaults:4: nicolae_vaults_disjoint_gnomons, nicolae_vaults_little_squares_2,
          nicolae_vaults_shelves_hall, v_misc_30, nicolae_vaults_rhombus_6,
          nicolae_vaults_angled_halls, nicolae_vaults_storage_room_doors,
          layout_vaults_omnibox, uniq_saint_roka
Vaults:5: uniq_jory
Depths:1: layout_cave_shapes, enter_ziggurat_f, chequers_serial_rivers_large_b,
          hell_entry, drop_trap, hangedman_abyss_or_decor_stagger,
          lemuel_freeze_loot_1
Depths:2: minmay_the_grid_square_5x5_3x3 [minmay_the_grid_square_5x5_shrine1,
          minmay_the_grid_square_5x5_beaten_path,
          minmay_the_grid_square_5x5_spiral, minmay_the_grid_square_5x5_v,
          minmay_the_grid_square_5x5_megaprize_crossed,
          minmay_the_grid_square_5x5_two_small,
          minmay_the_grid_square_5x5_three_walls,
          minmay_the_grid_square_5x5_tri_point, minmay_the_grid_square_5x5_two],
          layout_basic, nicolae_hepliaklqana_hazy_memory, serial_curves,
          eino_curves_02, eino_curves_02, serial_shops, shop_statue,
          rand_demon_pan_entry_9, pf_coc_iceberg, uniq_sojobo
Depths:3: spriggan_forest, abyss_entry, hell_entry, pan_entry, uniq_enchantress
Depths:4: grunt_zot_entry_alcove, layout_basic, pan_entry,
          gammafunk_ghost_cemetery, nicolae_wu_jian_wuxing_cycle,
          grunt_hell_horde
Zot:1:    layout_twisted_circle, hangedman_zot_decor_slant
Zot:2:    gammafunk_the_bubble [the_bubble_gammafunk_crates], layout_onion,
          uniq_grunn
Zot:3:    layout_gridlike, uniq_tiamat
Zot:4:    layout_cellular_growth
Zot:5:    layout_misc_corridors

Skill      XL: |  1  2  3  4  5  6  7  8  9 10 11 12 13 14 15 16 17 18 19 20 21 22 23 24 25 26 27 |
---------------+----------------------------------------------------------------------------------+-----
Earth Magic    | 4 5 6 7 8 9 10 11 12 14 17 18 20 21 | 21.7
Conjurations   | 2 3 4 5 6 8 9 11 12 14 15 16 19 | 19.6
Fighting       | 1 2 4 6 9 11 12 13 14 15 16 17 18 19 20 22 | 22.7
Spellcasting   | 3 4 5 8 9 10 11 12 14 15 16 17 18 19 20 22 | 22.2
Dodging        | 2 3 4 6 7 |  7.4
Alchemy        | 2 3 |  3.0
Armour         | 1 4 5 |  5.4
Shields        | 2 3 4 6 7 8 9 |  9.3
Necromancy     | 4 5 6 7 8 9 11 12 15 | 15.0
Summonings     | 2 4 |  4.8
Evocations     | 2 3 4 6 7 8 9 |  9.5
Fire Magic     | 3 5 7 9 10 12 13 14 17 | 17.5
Stealth        | |  2.1

Action                     |  1- 3 |  4- 6 |  7- 9 | 10-12 | 13-15 | 16-18 | 19-21 | 22-24 | 25-27 || total
---------------------------+-------+-------+-------+-------+-------+-------+-------+-------+-------++-------
  Melee: Hand axe          |       |       |     7 |       |       |       |       |       |       ||     7
         Staff             |       |       |     2 |       |       |       |       |       |       ||     2
         Dagger            |       |       |     3 |       |       |       |       |       |       ||     3
         Mace              |       |       |       |    14 |    42 |   135 |    44 |    44 |    28 ||   307
   Fire: Sling             |       |     4 |       |       |       |       |       |       |       ||     4
  Throw: Throwing net      |       |     1 |       |       |       |       |       |     1 |       ||     2
         Javelin           |       |       |     3 |     2 |       |       |       |       |       ||     5
         Dart              |       |       |       |       |     1 |       |       |       |       ||     1
   Cast: Sandblast         |    47 |    29 |   121 |   324 |   145 |    22 |     2 |     9 |       ||   699
         Stone Arrow       |       |     2 |    26 |    37 |   634 |   429 |   253 |   112 |    27 ||  1520
         Petrify           |       |       |     1 |     6 |     3 |       |       |       |       ||    10
         Borgnjor's Vile C |       |       |       |       |    64 |   123 |    36 |    53 |    41 ||   317
         Death Channel     |       |       |       |       |       |    30 |    10 |    17 |    16 ||    73
         Shatter           |       |       |       |       |       |    34 |   124 |   114 |   120 ||   392
         Fireball          |       |       |       |       |       |       |    13 |     6 |       ||    19
         Lehudib's Crystal |       |       |       |       |       |       |     3 |    20 |    57 ||    80
         Irradiate         |       |       |       |       |       |       |       |     3 |     7 ||    10
         Yara's Violent Un |       |       |       |       |       |       |       |     3 |       ||     3
         Haunt             |       |       |       |       |       |       |       |     1 |    15 ||    16
         Fire Storm        |       |       |       |       |       |       |       |       |    13 ||    13
 Invoke: Reject Sacrifices |     1 |       |       |       |       |       |       |       |       ||     1
         Curse Item        |       |       |     3 |     3 |     7 |     5 |     1 |       |     1 ||    20
         Shatter the Chain |       |       |     1 |       |     4 |     3 |     1 |       |     1 ||    10
  Evoke: Wand              |       |       |    20 |     7 |     8 |     4 |     6 |    19 |     8 ||    72
         Lightning rod     |       |       |       |       |       |     6 |       |     8 |       ||    14
         Gell's gravitambo |       |       |       |       |       |     2 |     1 |     2 |       ||     5
         Sack of spiders   |       |       |       |       |       |     2 |       |       |     1 ||     3
    Use: Potion            |       |       |     5 |     4 |     1 |     1 |     3 |     3 |    17 ||    34
         Scroll            |       |       |     3 |     4 |     2 |     3 |     1 |     7 |    11 ||    31
   Stab: Distracted        |       |       |       |       |       |     1 |       |       |     2 ||     3
 Armour: Robe              |     5 |     6 |    41 |       |       |       |       |       |       ||    52
         Steam dragon scal |       |       |    28 |    74 |       |       |       |       |       ||   102
         Leather armour    |       |       |       |    93 |   379 |   434 |   245 |   220 |   248 ||  1619
  Dodge: Dodged            |    13 |     3 |    48 |    85 |   158 |   167 |    80 |    99 |   104 ||   757
  Block: Buckler           |       |       |     7 |    52 |       |       |       |       |       ||    59
         Kite shield       |       |       |       |    34 |   366 |   340 |   172 |   135 |   109 ||  1156

Table legend: (Time is in decaauts)
 A = Elapsed time spent in this place.
 B = Non-inter-level travel time spent in this place.
 C = Inter-level travel time spent in this place.
 D = Time resting spent in this place.
 E = Time spent auto-exploring this place.
 F = Levels seen in this place.
 G = Mean time per level.
                   A        B        C        D        E       F      G
               +--------+--------+--------+--------+--------+-----+--------+
         Total |  71898 |  67761 |   4137 |   9961 |  45839 |  66 | 1089.4 |
       Dungeon |  19909 |  17993 |   1916 |   1426 |  13617 |  15 | 1327.3 |
        Temple |      1 |      1 |      0 |      0 |      0 |   1 |    1.0 |
          Lair |   8520 |   7981 |    539 |     30 |   6774 |   5 | 1704.0 |
         Swamp |   5466 |   5224 |    242 |    608 |   3515 |   4 | 1366.5 |
     Snake Pit |   6071 |   5943 |    128 |    688 |   4485 |   4 | 1517.8 |
  Orcish Mines |   2384 |   2252 |    132 |    173 |   1552 |   2 | 1192.0 |
        Vaults |  11285 |  10852 |    433 |   2077 |   7066 |   5 | 2257.0 |
        Depths |   8562 |   7989 |    573 |   1063 |   5635 |   4 | 2140.5 |
           Zot |   4446 |   4275 |    171 |   3212 |     69 |   5 |  889.2 |
         Abyss |     34 |     34 |      0 |     15 |      0 |   1 |   34.0 |
      Ziggurat |   2317 |   2317 |      0 |    124 |   1699 |  16 |  144.8 |
        Bailey |    696 |    696 |      0 |     75 |    377 |   1 |  696.0 |
      Ice Cave |   1123 |   1123 |      0 |    248 |    645 |   1 | 1123.0 |
       Volcano |    441 |    441 |      0 |    115 |    191 |   1 |  441.0 |
      Gauntlet |    634 |    634 |      0 |    105 |    212 |   1 |  634.0 |
               +--------+--------+--------+--------+--------+-----+--------+

Top non-repeatable levels by time:
Depths:3: 3272 daAuts
Vaults:2: 3144 daAuts
Vaults:4: 2726 daAuts
Vaults:3: 2533 daAuts
  Lair:5: 2402 daAuts
    D:14: 2153 daAuts
    D:15: 2099 daAuts
Depths:4: 2000 daAuts
 Snake:4: 1969 daAuts
 Swamp:1: 1888 daAuts
     D:9: 1887 daAuts
     D:8: 1800 daAuts
Depths:2: 1778 daAuts
  Lair:2: 1733 daAuts
    D:13: 1725 daAuts
